Map: [ESL] Hard Lead

Players

Serral - Winner!

  • Race: Zerg Zerg
  • Spawn Location: 11:00

Reynor

  • Race: Zerg Zerg
  • League: Master
  • Spawn Location: 5:00

Event: HomeStory Cup XXIV

VOD

Have the link to the VOD?

Description

Time

  • Played on: Dec. 3, 2023, 3:29 p.m.
  • Length: 20:04

All games in this series

Show
View Real Time Build Order
Export as new Build Order

Serral Zerg - Winner!

Build Orders: Hatch First, Lurkers 

Get SALT Encoding   

  12  0:00  Drone  
  13  0:12  Overlord  
  13  0:17  Drone  
  14  0:30  Drone x2  
  16  0:47  Hatchery  
  15  0:51  Drone  
  15  0:54  Drone  
  17  0:58  Drone  
  17  1:03  Extractor  
  17  1:13  Spawning Pool  
  17  1:16  Drone  
  17  1:20  Drone  
  18  1:28  Drone  
  19  1:38  Drone  
  20  1:50  Drone  
  21  1:59  Queen x2  
  21  2:00  Zergling x2  
  26  2:03  Overlord  
  26  2:06  Metabolic Boost  
  26  2:10  Drone  
  26  2:12  Drone  
  28  2:21  Zergling x2  
  30  2:22  Drone  
  30  2:33  Hatchery  
  30  2:36  Drone  
  30  2:38  Drone  
  30  2:42  Drone  
  32  2:45  Overlord  
  33  2:58  Zergling x4  
  33  3:04  Zergling x2  
  33  3:05  Zergling x2  
  36  3:08  Zergling x12  
  42  3:17  Queen  
  44  3:20  Baneling Nest  
  44  3:22  Overlord  
  44  3:25  Drone  
  43  3:42  Zergling x2  
  43  3:44  Drone x7  
  43  3:46  Drone  
  43  3:47  Drone  
  53  3:49  Drone  
  52  3:56  Zergling x2  
  52  3:59  Overlord  
  52  4:00  Drone  
  54  4:08  Drone x2, Roach Warren  
  55  4:12  Drone  
  55  4:16  Extractor  
  55  4:17  Drone x2, Baneling x2  
  56  4:23  Drone x2, Overlord  
  56  4:24  Drone  
  59  4:28  Drone  
  59  4:33  Overlord x2  
  59  4:38  Evolution Chamber  
  58  4:41  Drone  
  59  4:49  Roach x6  
  59  4:51  Roach  
  59  4:52  Roach  
  76  4:58  Lair  
  76  5:05  Drone x5, Evolution Chamber  
  80  5:08  Drone  
  80  5:10  Overlord  
  81  5:14  Drone  
  81  5:15  Drone x3  
  81  5:17  Overlord  
  85  5:24  Drone x2  
  85  5:28  Extractor, Overlord x2  
  86  5:29  Extractor  
  86  5:31  Zerg Missile Weapons Level 1  
  86  5:32  Drone x2  
  87  5:38  Drone x4  
  91  5:43  Drone x5  
  95  5:51  Pneumatized Carapace, Overlord  
  95  5:52  Drone x2  
  97  5:57  Glial Reconstitution, Extractor  
  97  5:58  Drone x3, Overseer, Extractor  
  97  6:00  Overlord  
  98  6:05  Overlord  
  98  6:10  Roach x5  
  108  6:16  Overlord  
  107  6:25  Hatchery  
  106  6:28  Roach x4, Hydralisk Den  
  113  6:39  Roach x6  
  125  6:43  Overlord  
  125  6:46  Drone x2  
  125  6:47  Drone x2  
  128  6:49  Overlord  
  128  6:50  Roach  
  133  6:54  Roach x3  
  133  6:56  Roach  
  139  7:03  Roach x2  
  139  7:06  Hydralisk x3  
  149  7:13  Hydralisk x3  
  144  7:16  Roach x2  
  144  7:17  Roach  
  144  7:20  Hydralisk  
  152  7:23  Grooved Spines  
  152  7:26  Overlord  
  152  7:30  Overlord  
  152  7:31  Spore Crawler x2  
  152  7:32  Spore Crawler  
  152  7:34  Overlord  
  152  7:35  Overlord x2  
  149  7:39  Drone x3  
  149  7:42  Zerg Missile Weapons Level 2  
  152  7:46  Drone x4  
  152  7:50  Overlord  
  156  7:55  Roach x3  
  156  7:57  Roach  
  163  8:02  Ravager x4  
  167  8:07  Roach x5  
  177  8:13  Roach x4  
  177  8:14  Muscular Augments  
  177  8:18  Spore Crawler  
  184  8:20  Extractor, Drone x3  
  184  8:22  Roach x3  
  184  8:25  Roach x2  
  196  8:34  Infestation Pit  
  196  8:38  Hydralisk x2  
  199  9:01  Extractor  
  198  9:03  Lurker Den  
  198  9:05  Overseer  
  198  9:07  Queen  
  199  9:12  Hive  
  199  9:20  Drone x3  
  199  9:21  Drone  
  199  9:22  Drone x5  
  200  9:34  Overlord x2  
  200  9:35  Overlord x2  
  199  9:39  Overlord  
  199  9:42  Overlord  
  191  9:53  Roach x4  
  191  9:57  Ravager  
  191  9:59  Zerg Ground Armor Level 1  
  198  10:07  Ravager  
  197  10:16  Roach x2  
  197  10:20  Burrow  
  189  10:26  Lurker  
  190  10:32  Seismic Spines  
  190  10:33  Evolution Chamber  
  187  10:37  Hydralisk x6  
  191  10:57  Lurker x8  
  191  10:59  Overlord  
  191  11:00  Overlord  
  191  11:03  Zerg Missile Weapons Level 3  
  199  11:09  Hatchery  
  191  11:19  Roach x4  
  189  11:27  Hatchery  
  189  11:29  Adaptive Talons  
  173  11:32  Hydralisk  
  173  11:33  Hydralisk x12  
  173  11:38  Drone x7  
  198  11:41  Drone x4  
  198  11:46  Overseer  
  199  11:53  Overseer  
  188  12:02  Overseer  
  188  12:06  Drone  
  188  12:07  Drone x3  
  192  12:08  Overseer x2  
  192  12:09  Overseer x2  
  192  12:14  Overseer  
  190  12:15  Hatchery  
  190  12:16  Viper x4  
  195  12:25  Spore Crawler x2  
  195  12:28  Spore Crawler  
  187  12:39  Hydralisk x4  
  187  12:40  Hydralisk x2  
  187  12:42  Zerg Ground Armor Level 2  
  199  12:46  Hatchery  
  194  12:51  Spore Crawler  
  194  12:58  Extractor  
  187  12:59  Hydralisk x6, Extractor  
  194  13:13  Roach x3  
  194  13:18  Overseer  
  198  13:22  Drone  
  195  13:27  Drone x2  
  195  13:28  Drone x2  
  195  13:29  Viper, Hydralisk x3  
  195  13:30  Drone  
  198  13:37  Drone x2  
  199  13:44  Drone x2  
  199  13:51  Drone x3  
  184  13:56  Lurker x7, Hydralisk x6  
  184  13:58  Overseer  
  198  14:02  Drone  
  198  14:03  Drone  
  189  14:23  Drone x3  
  189  14:24  Drone x5  
  194  14:30  Drone  
  194  14:31  Drone x5  
  194  14:32  Hydralisk  
  194  14:38  Hydralisk x4  
  181  14:48  Hydralisk  
  181  14:49  Hydralisk x3  
  179  14:53  Hydralisk  
  173  15:02  Hydralisk x4  
  170  15:11  Lurker x4, Hatchery  
  173  15:14  Hydralisk  
  173  15:15  Hydralisk x3  
  174  15:32  Drone x11  
  154  15:36  Hydralisk x8  
  154  15:38  Lurker x2  
  154  15:39  Lurker  
  172  15:48  Drone x4  
  176  15:55  Lurker x3  
  176  15:56  Drone x2  
  181  16:00  Hydralisk x4  
  186  16:09  Hydralisk x2  
  190  16:21  Spore Crawler  
  190  16:23  Drone x3  
  190  16:24  Extractor  
  191  16:28  Extractor  
  191  16:30  Viper x2  
  191  16:31  Overseer, Lurker  
  191  16:32  Lurker  
  198  16:47  Lurker  
  199  17:00  Spore Crawler  
  195  17:03  Drone  
  196  17:12  Hydralisk x27  
  196  17:16  Drone x2  
  196  17:17  Drone  
  196  17:29  Hatchery  
  195  17:32  Viper  
  193  17:49  Hydralisk x4  
  194  18:05  Hydralisk x2  
  198  18:37  Hatchery  
  198  18:39  Hydralisk x2  
  192  19:05  Hydralisk x3  
  188  19:19  Viper x7  
  194  19:24  Overseer x3  
  194  19:27  Hydralisk x2  
  195  19:31  Overseer  
Show
View Real Time Build Order
Export as new Build Order

Reynor Zerg 

Build Orders: Hatch First 

Get SALT Encoding   

  12  0:00  Drone  
  13  0:12  Overlord  
  13  0:16  Drone  
  14  0:30  Drone x2  
  16  0:48  Hatchery  
  15  0:50  Drone  
  15  0:53  Drone  
  15  0:57  Drone  
  18  1:07  Extractor  
  17  1:12  Spawning Pool  
  17  1:15  Drone  
  17  1:18  Drone  
  18  1:27  Drone  
  19  1:38  Drone  
  20  1:49  Drone  
  21  1:59  Overlord  
  21  2:00  Zergling x2, Queen x2  
  26  2:07  Metabolic Boost  
  26  2:10  Drone  
  26  2:11  Drone  
  28  2:21  Drone x2  
  30  2:33  Zergling x2  
  30  2:34  Hatchery  
  30  2:38  Drone  
  30  2:43  Drone  
  32  2:44  Drone  
  32  2:49  Baneling Nest  
  32  2:56  Overlord  
  32  2:57  Drone  
  33  3:03  Queen  
  33  3:05  Drone  
  36  3:11  Overlord  
  36  3:15  Zergling x2  
  36  3:16  Zergling x2, Drone  
  36  3:17  Drone x2  
  41  3:21  Zergling x2  
  41  3:24  Drone  
  41  3:26  Drone  
  44  3:30  Roach Warren  
  44  3:32  Baneling x2  
  44  3:33  Baneling  
  43  3:36  Zergling x2  
  44  3:41  Zergling x2  
  44  3:46  Drone  
  45  3:55  Drone x2  
  45  3:56  Drone  
  45  4:02  Overlord  
  46  4:04  Hatchery  
  45  4:15  Extractor, Roach x3  
  45  4:16  Roach  
  52  4:19  Overlord  
  52  4:27  Drone  
  52  4:29  Drone  
  54  4:31  Extractor x2  
  54  4:33  Drone  
  54  4:34  Drone x2  
  54  4:35  Drone  
  54  4:36  Drone x2  
  54  4:38  Lair  
  58  4:41  Drone, Evolution Chamber  
  58  4:43  Drone  
  59  4:50  Drone  
  60  4:54  Drone  
  61  5:02  Drone x2  
  61  5:03  Drone x3  
  61  5:04  Drone x2  
  67  5:07  Overlord  
  67  5:09  Zerg Missile Weapons Level 1  
  67  5:13  Overlord  
  67  5:17  Drone x2  
  69  5:25  Drone x2  
  71  5:29  Drone  
  71  5:34  Drone x3  
  75  5:41  Glial Reconstitution  
  75  5:42  Spire  
  74  5:48  Roach x6  
  86  5:50  Overlord  
  86  5:53  Roach x2  
  86  5:55  Overlord  
  90  5:59  Overlord  
  90  6:03  Overlord  
  90  6:12  Roach x4  
  90  6:13  Roach  
  90  6:15  Roach  
  90  6:16  Roach x2  
  106  6:19  Overlord  
  106  6:24  Roach x4  
  113  6:37  Drone x5  
  113  6:38  Drone  
  119  6:43  Extractor x2  
  119  6:45  Overlord  
  119  6:46  Overlord  
  117  6:49  Overlord  
  117  6:50  Drone x4  
  117  6:54  Mutalisk x2  
  121  6:55  Mutalisk  
  121  6:58  Hatchery  
  121  6:59  Mutalisk  
  121  7:00  Mutalisk  
  130  7:03  Overlord  
  123  7:16  Zerg Missile Weapons Level 2  
  123  7:19  Roach x3  
  125  7:24  Drone x2  
  125  7:27  Overlord  
  125  7:29  Roach x6  
  139  7:34  Roach  
  141  7:38  Roach x4  
  141  7:39  Overlord x2  
  149  7:45  Drone  
  149  7:47  Overlord  
  150  7:52  Drone x5  
  150  7:53  Drone  
  150  7:56  Overlord  
  156  8:01  Evolution Chamber  
  155  8:06  Drone x4  
  155  8:08  Ravager x5  
  155  8:10  Queen, Roach x2  
  155  8:11  Roach  
  172  8:22  Extractor x2  
  172  8:26  Roach x3  
  172  8:27  Roach x3  
  182  8:30  Zerg Ground Armor Level 1  
  182  8:34  Ravager  
  182  8:35  Ravager  
  182  8:37  Overlord  
  182  8:40  Roach x4  
  192  8:42  Overseer  
  192  8:45  Spore Crawler  
  192  8:46  Overseer, Spore Crawler  
  190  8:54  Roach x4  
  190  8:55  Roach x2  
  200  9:07  Spore Crawler  
  198  9:18  Ravager x3  
  199  9:27  Queen  
  198  9:35  Roach x2  
  200  9:44  Drone x2  
  198  9:46  Infestation Pit  
  197  10:00  Hatchery  
  192  10:07  Drone  
  192  10:08  Drone  
  184  10:21  Roach x17  
  185  10:24  Hive  
  185  10:26  Tunneling Claws, Burrow, Zerg Ground Armor Level 2, Hydralisk Den  
  184  10:52  Roach x10  
  194  11:14  Drone x4  
  194  11:17  Drone x3  
  199  11:20  Lurker Den  
  194  11:26  Overseer, Hatchery  
  162  11:49  Roach x22  
  162  11:50  Roach  
  162  11:52  Roach x2  
  198  12:00  Roach x3  
  196  12:07  Viper x2  
  198  12:12  Roach x16  
  198  12:14  Zerg Missile Weapons Level 3  
  198  12:18  Hatchery  
  197  12:23  Overseer, Roach  
  197  12:24  Roach  
  197  12:37  Viper  
  185  12:38  Seismic Spines  
  185  12:39  Roach  
  188  12:44  Hydralisk x6  
  196  12:58  Overseer  
  196  12:59  Hydralisk x2  
  200  13:10  Roach x2  
  196  13:18  Roach x2  
  196  13:19  Roach  
  196  13:20  Overseer  
  196  13:23  Roach  
  192  13:32  Roach x12  
  198  13:35  Lurker x2, Adaptive Talons  
  200  13:41  Roach x2  
  200  13:42  Roach  
  200  13:46  Roach  
  200  13:47  Roach x2  
  198  13:50  Pneumatized Carapace  
  198  13:54  Roach x4  
  198  13:55  Roach x2  
  186  13:57  Hatchery  
  186  13:59  Roach x3  
  186  14:00  Roach x4  
  191  14:05  Roach x4  
  199  14:11  Roach x15  
  199  14:15  Roach  
  193  14:17  Roach x3  
  188  14:25  Hydralisk x6  
  178  14:41  Hydralisk x8  
  191  14:49  Roach x2  
  191  14:50  Roach  
  191  14:53  Roach x3  
  185  15:00  Roach x4  
  185  15:03  Overseer x3  
  185  15:04  Roach x2  
  185  15:06  Roach x3  
  190  15:16  Roach x3  
  185  15:30  Roach x5  
  185  15:31  Roach x2  
  173  15:35  Viper  
  173  15:38  Viper  
  177  15:43  Viper  
  177  15:44  Roach x2  
  177  15:53  Viper x2  
  177  15:55  Hydralisk x3  
  189  15:57  Muscular Augments  
  189  15:59  Spore Crawler  
  189  16:00  Spine Crawler  
  186  16:16  Extractor  
  185  16:18  Extractor, Hatchery  
  185  16:19  Hydralisk x4  
  185  16:21  Roach x30  
  187  16:28  Zerg Ground Armor Level 3  
  187  16:31  Roach, Spine Crawler  
  186  16:40  Roach x29  
  186  16:45  Lurker  
  186  16:46  Lurker x5  
  192  16:54  Overseer  
  192  17:01  Grooved Spines  
  192  17:08  Roach x24  
  186  17:14  Hydralisk x4  
  190  17:32  Hydralisk x4  
  190  17:37  Overlord  
  184  17:50  Viper  
  184  17:51  Viper x2  
  159  17:57  Drone  
  166  18:02  Roach x4  
  156  18:13  Hatchery  
  156  18:14  Lurker  
  156  18:15  Lurker x6  
  151  18:22  Roach x6  
  151  18:23  Roach  
  151  18:24  Queen  
  156  18:29  Roach x2  
  156  18:31  Drone x2  
  159  18:36  Roach x4  
  159  18:46  Roach x2, Hatchery  
  159  18:47  Overseer, Roach x3  
  168  18:51  Roach x3, Overlord x3  
  165  19:04  Overlord  
  165  19:07  Overseer  
  147  19:19  Roach x4  
  141  19:33  Roach  
  141  19:35  Extractor  
  141  19:36  Extractor  
Tags
 
Add a new tag
Caveats
  • Supply blocks, unpowered buildings, or Contaminate may cause inaccurate times.
  • Supply counts are checked every 10 seconds.